Unix NetHack Version 5.0.0-0 post-release - last build May 10 2026 23:12:36 (d1fa5d53e341ca933230fdaa984d921c805b60aa,branch:main).

Game began 2026-05-11 23:00:12, ended 2026-05-11 23:56:42.

BeardyHaddock, lawful male dwarven Archeologist

                                                                      %


                   %
                                                               # #
                                                            #### o
                                                            #  #@%
                                                           ### #
                                                          #######
                                                          #   #  #
                                                         .
                                                                 -----.------
                                                                 |..........|
                                                                 |<.........|
                                                                #...........|
                                                                 |...%....%.|
                                                                 |..........|
                                                                 ------------

BeardyHaddock the Investigator  St:13 Dx:8 Co:15 In:16 Wi:16 Ch:9  Lawful
Dlvl:7  $:106 HP:0(61) Pw:43(43) AC:6  Xp:7 T:3462  Burdened

Latest messages:
 You fall down the stairs.
 Someone shouts "Off with his head!"
 You see here 11 gold pieces.
 You have a little trouble lifting $ - 11 gold pieces (106 in total).
 You kill the acid blob!
 What do you want to drop? [$a-qu-zA-IKLRTX-Z or ?*] B
 You drop a tin.
 What do you want to drop? [$a-qu-zAC-IKLRTX-Z or ?*] C
 You drop a tin.
 What do you want to read? [pqux-zG-IKLZ or ?*] H
 As you read the scroll, it disappears.
 Your leather jacket glows silver for a while.
 What do you want to read? [pqux-zGIKLZ or ?*] K
 As you read the scroll, it disappears.
 Your nose tingles and you smell food.
 (For instructions type a '?')
 Done.
 You start digging.
 You hit the rock with all your might.
 You make an opening in the wall.
 You hear crashing rock.
 You materialize in a different location!
 You start digging.
 You hit the rock with all your might.
 You succeed in cutting away some rock.
 You start digging.
 You hit the rock with all your might.
 You succeed in cutting away some rock.
 You are carrying too much to get through.
 You start digging.
 You hit the rock with all your might.
 You succeed in cutting away some rock.
 You hit the bugbear.
 The bugbear hits!
 You hit the bugbear.
 The bugbear turns to flee.
 The dwarf queen picks up 6 rocks.
 You hit the bugbear.
 The hill orc wields a curved sword!
 The bugbear hits!
 You kill the bugbear!
 Welcome to experience level 7.
 The hill orc swings his curved sword.
 The hill orc hits!
 You hit the hill orc.
 The hill orc swings his curved sword.
 The hill orc hits!
 You die...
 Do you want your possessions identified? [ynq] (y) y
 Do you want to see your attributes? [ynq] (y) q

Inventory:
 Coins    ('$')
  $ - 106 gold pieces
 Weapons  (')')
  T - a blessed +0 sling (alternate weapon; not wielded)
  a - a +2 bullwhip
 Armor    ('[')
  c - an uncursed +0 fedora (being worn)
  i - an uncursed +0 pair of speed boots (being worn)
  b - an uncursed +2 leather jacket (being worn)
 Comestibles  ('%')
  d - 4 uncursed food rations
  o - 2 uncursed food rations
  l - 2 uncursed sprigs of wolfsbane
 Scrolls  ('?')
  q - a blessed scroll of blank paper
  z - an uncursed scroll of blank paper
  L - 2 uncursed scrolls of confuse monster
  Z - a blessed scroll of genocide
  I - an uncursed scroll of identify
  x - a cursed scroll of identify
  u - an uncursed scroll of light
  y - a blessed scroll of remove curse
  p - a blessed scroll of scare monster
  G - a blessed scroll of teleportation
 Potions  ('!')
  v - an uncursed potion of gain energy
  F - a cursed potion of gain energy
  m - an uncursed potion of levitation
  E - an uncursed potion of speed
  Y - a cursed potion of speed
 Wands    ('/')
  D - a wand of light (0:13)
  R - a wand of lightning (0:0)
 Tools    ('(')
  h - an empty uncursed sack
  X - an uncursed lock pick
  w - an uncursed magic lamp
  j - an uncursed mirror
  n - a blessed oil lamp (lit)
  e - a +0 pick-axe (weapon in right hand)
  f - a tinning kit (0:75)
 Gems/Stones  ('*')
  k - an uncursed jet stone
  g - an uncursed touchstone
  A - 11 uncursed rocks (in quiver pouch)

BeardyHaddock the Archeologist's attributes:

Background:
 You were an Investigator, a level 7 male dwarven Archeologist.
 You were lawful, on a mission for Quetzalcoatl
 who was opposed by Camaxtli (neutral) and Huhetotl (chaotic).
 You were right-handed.
 You were in the Dungeons of Doom, on level 7.
 You entered the dungeon 3462 turns ago.
 It was nighttime.
 You had 647 experience points, 633 more were needed to attain level 8.

Basics:
 You had 0 out of 61 hit points.
 You had all 43 energy points (spell power).
 Your armor class was 6.
 Your wallet contained 106 zorkmids.
 Autopickup was off.

Final Characteristics:
 Your strength was 13 (limit:18/100).
 Your dexterity was 8 (peak:9, limit:20).
 Your constitution was 15 (limit:20).
 Your intelligence was 16 (limit:16).
 Your wisdom was 16 (limit:16).
 Your charisma was 9 (limit:16).

Final Status:
 You weren't hungry.
 You were burdened; movement was slightly slowed.
 You were wielding a pick-axe.
 You were skilled in pick-axe.

Final Attributes:
 You were piously aligned.
 You were telepathic.
 You had automatic searching.
 You had infravision.
 You were stealthy.
 You could teleport.
 You were very fast.
 You were lucky.
 You are dead.

Miscellaneous:
 You didn't encounter any bones levels.
 Total elapsed playing time was 56 minutes and 30 seconds.

Major events:
 Turn
    1: BeardyHaddock the lawful male dwarven Archeologist entered the dungeon
  737: attained the rank of Field Worker (level 3)
 1809: entered the Gnomish Mines
 2364: reached Mine Town
 2995: attained the rank of Investigator (level 6)
 3462: killed by a hill orc

Spells:
 Name                 Level Category     Fail Retention
 confuse monster        1   enchantment    0%  76%-100%
 create monster         2   clerical      70%  76%-100%
 haste self             3   escape        97%  76%-100%
 drain life             2   attack        70%  76%-100%
 magic missile          2   attack        70%  76%-100%

Skills:
 Fighting Skills
   bare handed combat [Unskilled]
   two weapon combat  [Unskilled]
   riding             [Unskilled]
 Weapon Skills
   dagger             [Unskilled]
   knife              [Unskilled]
   pick-axe           [Skilled]
   short sword        [Unskilled]
   saber              [Unskilled]
   club               [Unskilled]
   quarterstaff       [Unskilled]
   sling              [Unskilled]
   dart               [Unskilled]
   boomerang          [Unskilled]
   whip               [Basic]
   unicorn horn       [Unskilled]
 Spellcasting Skills
   attack spells      [Unskilled]
   healing spells     [Unskilled]
   divination spells  [Unskilled]
   matter spells      [Unskilled]

Voluntary challenges:
 Character rerolling was not enabled.
 You never genocided any monsters.
 You never polymorphed an object.
 You never changed form.
 You used no wishes.
Achievements:
 You entered a shop.
 You attained the rank of Field Worker.
 You entered the Gnomish Mines.
 You entered Minetown.
 You entered a temple.
 You attained the rank of Investigator.

 The Dungeons of Doom: levels 1 to 7
    Level 1:
       An altar to Quetzalcoatl, some fountains.
    Level 2:
       A general store.
    Level 3:
    Level 4:
       A fountain, a sink, a grave.
       Stairs down to The Gnomish Mines.
    Level 5:
       Many fountains.
       Oracle of Delphi.
    Level 6:
    Level 7: <- You were here.
       Final resting place for
          you, killed by a hill orc.
 The Gnomish Mines: levels 5 to 7
    Level 5:
    Level 6:
    Level 7:
       Many shops, a temple and an altar, some fountains.


Vanquished creatures:
  6 leprechauns
  a fire ant
  a bugbear
  a rock mole
  2 fog clouds
  a shrieker
  a violet fungus
  a gnome leader
  a guardian naga hatchling
  4 elf zombies
  a paper golem
  a little dog
  a floating eye
  a kitten
  a dwarf
  a kobold leader
  4 hill orcs
  4 giant bats
  a dwarf zombie
  2 iguanas
  3 acid blobs
  3 coyotes
  a gas spore
  a hobbit
  3 manes
  3 giant rats
  2 cave spiders
  4 gnomes
  a gecko
  9 jackals
  2 foxes
  5 kobolds
  a goblin
  2 sewer rats
 10 grid bugs
  a bat
  2 lichens
  5 newts
94 creatures vanquished.

No species were genocided or became extinct.

Game over:
                       ----------
                      /          \
                     /    REST    \
                    /      IN      \
                   /     PEACE      \
                  /                  \
                  |  BeardyHaddock   |
                  |      106 Au      |
                  | killed by a hill |
                  |       orc        |
                  |                  |
                  |                  |
                  |       2026       |
                 *|     *  *  *      | *
        _________)/\\_//(\/(/\)/\//\/|_)_______

Goodbye BeardyHaddock the Archeologist...

You died in The Dungeons of Doom on dungeon level 7 with 3064 points,
and 106 pieces of gold, after 3462 moves.
You were level 7 with a maximum of 61 hit points when you died.

